AoeStats
← Sleepy

Arena

506337647Analyzed
1v1 RM · 21d ago on Sep 13, 2026· 30m 5s· 2 players
Game mode
Random Map
Map size
Tiny (2 player)
Population
200
Speed
Normal
Resources
Standard
Victory
Conquest
Starting age
Dark Age
Ending age
Imperial Age
RankedLock teamsTeams togetherTeam positionsShared explorationLock speedFull tech treeHidden civsTurbo modeCheats
Victory
Defeat
🇿🇦 Spanish · South Africa
300
+9
🇪🇪 Spanish · Estonia
124
-9
Sleepy
8:41 Loom
13:02 Feudal Age
14:01 Horse Collar
14:07 Double-Bit Axe
15:38 Gold Mining
18:11 Fletching
19:19 Forging
20:59 Scale Mail Armor
21:59 Wheelbarrow
21:13 Town Watch
22:30 Scale Barding Armor
22:19 Man-at-Arms
23:02 Padded Archer Armor
25:47 Castle Age
24:22 Stone Mining
25:07 Bloodlines
25:16 Arson
27:50 Stone Shaft Mining
26:39 Light Cavalry
27:28 Thumb Ring
johnichov
6:31 Loom
10:04 Feudal Age
15:55 Wheelbarrow
15:51 Arson
15:27 Man-at-Arms
19:43 Castle Age
19:21 Horse Collar
19:31 Double-Bit Axe
19:41 Stone Mining
19:41 Gold Mining
24:31 Inquisition
26:17 Masonry
26:02 Murder Holes
26:18 Fortified Wall
32:25 Imperial Age
Connection lost

Rejoining the realm…

Still unreachable

The connection could not be restored.

Session expired

The server has moved on; the page needs a fresh start.